Workbook
Name _________AFC1: #REF!
Name _________AFC3: #REF!
Name _________AFC5: #REF!
Name _________BGC1: #REF!
Name _________BGC3: #REF!
Name _________BGC5: #REF!
Name _________CAC1: #REF!
Name _________CAC3: #REF!
Name _________CAC5: #REF!
Name _________PJ50: #REF!
Name _________PJ50: #REF!
Name _________PJ50: #REF!
Name _________SBC1: #REF!
Name _________SBC3: #REF!
Name _________SBC5: #REF!
Name ________AFC1: #REF!
Name ________AFC3: #REF!
Name ________AFC5: #REF!
Name ________BGC1: #REF!
Name ________BGC3: #REF!
Name ________BGC5: #REF!
Name ________CAC1: #REF!
Name ________CAC3: #REF!
Name ________CAC5: #REF!
Name ________MA2: #REF!
Name ________MA2: #REF!
Name ________MA2: #REF!
Name ________PJ50: #REF!
Name ________PJ50: #REF!
Name ________PJ50: #REF!
Name ________SBC1: #REF!
Name ________SBC3: #REF!
Name ________SBC5: #REF!
Name _______AFC1: #REF!
Name _______AFC3: #REF!
Name _______AFC5: #REF!
Name _______BGC1: #REF!
Name _______BGC3: #REF!
Name _______BGC5: #REF!
Name _______CAC1: #REF!
Name _______CAC3: #REF!
Name _______CAC5: #REF!
Name _______MA2: #REF!
Name _______MA2: #REF!
Name _______MA2: #REF!
Name _______PJ50: #REF!
Name _______PJ50: #REF!
Name _______PJ50: #REF!
Name _______SBC1: #REF!
Name _______SBC3: #REF!
Name _______SBC5: #REF!
Name ______AFC1: #REF!
Name ______AFC3: #REF!
Name ______AFC5: #REF!
Name ______BGC1: #REF!
Name ______BGC3: #REF!
Name ______BGC5: #REF!
Name ______CAC1: #REF!
Name ______CAC3: #REF!
Name ______CAC5: #REF!

Sheet PROPUESTA ECONOMICA
C3: Formulario 1 - Propuesta económica - Licitación de obra pública de infraestructura social
C4: Código | D4: CCE-EICP-FM-116 | E4: Versión | F4: 1
C5: FORMULARIO 1
C6: PROPUESTA ECONÓMICA
C7: [La Entidad puede utilizar este Formulario de presentación de Propuesta Económica de forma detallada, sin perjuicio que la Entidad pueda modificarlo o establecer la presentación de la oferta económica con un Formulario distinto al indicado.] [Los Proponentes emplearán el Formulario establecido por la Entidad para determinar su propuesta económica conforme al Formulario 1 - Presupuesto Oficial publicado por la Entidad]
C9: Cuando el Proceso de Contratación es estructurado por Precios Unitarios, la Entidad debe aplicar las notas 1, 2 y 3 del presente formato y las casillas de "Descripción", "Porcentaje" de la Administración, Imprevisto, Utilidad y total A.I.U. resaltadas en color amarillo.
C11: Nº | D11: ÍTEM DE PAGO | E11: ESPECIFICACIONES | G11: DESCRIPCIÓN | H11: UND. | I11: CANTIDAD | J11: VALOR UNITARIO | K11: VALOR TOTAL
E12: GENERAL | F12: PARTICULAR | P12: x | Q12: x | R12: xx | S12: x | T12: x | U12: x | V12: xx
D13: 01 | G13: PRELIMINARES
D14: 01-002 | G14: Evacuación de aguas en tanques y fosos | H14: m3 | I14: 362 | J14: =+'POE Cesar Conto'!AA14 -> 1444 | K14: =ROUND(I14*J14,0) -> 522728
D15: 01-003 | G15: Suministro e instalación de polisombra negra para protección vertical a colindantes contracaidas de elementos durante la intervención | H15: m2 | I15: 128 | J15: =+'POE Cesar Conto'!AA15 -> 12428 | K15: =ROUND(I15*J15,0) -> 1590784
D16: 01-006 | G16: Aseo general previo al inicio de la obra, incluye fumigación preliminar tanto de pisos como de muros, incluye retiro de vegetación parásita. | H16: m2 | I16: 3209 | J16: =+'POE Cesar Conto'!AA16 -> 15040 | K16: =ROUND(I16*J16,0) -> 48263360
D17: 01-007 | G17: Mantenimiento de equipos de presión y puesta en marcha | H17: gl | I17: 1 | J17: =+'POE Cesar Conto'!AA17 -> 10241082 | K17: =ROUND(I17*J17,0) -> 10241082
D18: 01-009 | G18: Mantenimiento de equipos eléctricos y pruebas | H18: u | I18: 1 | J18: =+'POE Cesar Conto'!AA18 -> 5120541 | K18: =ROUND(I18*J18,0) -> 5120541
D19: 01-010 | G19: Impermeabilización de fosos de ascensor, plataforma, tanques de agua y RCI en Mortero impermeabilización flexible, bicomponente (Sistema Danosa o equivalente de igual calidad o superior) | H19: m2 | I19: 289 | J19: =+'POE Cesar Conto'!AA19 -> 240624 | K19: =ROUND(I19*J19,0) -> 69540336
D20: 01-012 | G20: Aseo y limpieza de ladrillos y boquelon de fachada incluye hidrofugado | H20: m2 | I20: 1960 | J20: =+'POE Cesar Conto'!AA20 -> 10466 | K20: =ROUND(I20*J20,0) -> 20513360
D21: 01-013 | G21: Mantenimiento estructura metálica existente (vigas, columnas, cerchas, parales, etc), consistente en el retiro de oxido (mediante el sistema que determine el contratista junto con la interventoria, pudiendo ser raspado, chorro a presión de arena, etc) aplicación de anticorrosivo y pintura de acabado (esmalte sintético alquídico a base de aceite en tres (3) capas aplicadas con pistola sobre la totalidad de las caras del elemento) incluye preparación de superficie y diluyente. implementos para trabajos en altura. | H21: m | I21: 2800 | J21: =+'POE Cesar Conto'!AA21 -> 15984 | K21: =ROUND(I21*J21,0) -> 44755200
D22: 01-014 | G22: Mantenimiento canales y bajantes, incluye retiro de material, reparación y sellado, anticorrosivo y pintura. Incluye elementos para trabajo en alturas. | H22: m | I22: 387 | J22: =+'POE Cesar Conto'!AA22 -> 7771 | K22: =ROUND(I22*J22,0) -> 3007377
D23: 01-015 | G23: Reemplazo de tubería PVC 1/2" por tubería EMT 1/2" donde por norma se requiera, incluye desmonte tubería PVC, incluye soportes, regatas, resanes. | H23: m | I23: 500 | J23: =+'POE Cesar Conto'!AA23 -> 32554 | K23: =ROUND(I23*J23,0) -> 16277000
C24: Subtotal | K24: =SUBTOTAL(9,K14:K23) -> 219831768
D25: 02 | G25: DESMONTES Y DEMOLICIONES
D26: 02-001 | G26: Demolición de muros de mampostería en bloque cemento, arcilla, concretos, en el estado actual con su respectivo acabados. (incluye corte perimetral con pulidora de ser requerido y retiro de escombros) Incluye cargue, trasiego interno, transporte y vale a escombrera autorizada por muicipio. | H26: m2 | I26: 63 | J26: =+'POE Cesar Conto'!AA26 -> 23812 | K26: =ROUND(I26*J26,0) -> 1500156
D27: 02-002 | G27: Demolición de nariz en rampa | H27: m | I27: 55 | J27: =+'POE Cesar Conto'!AA27 -> 10942 | K27: =ROUND(I27*J27,0) -> 601810
D28: 02-003 | G28: Demolición de poyo en concreto | H28: m | I28: 7 | J28: =+'POE Cesar Conto'!AA28 -> 10942 | K28: =ROUND(I28*J28,0) -> 76594
D29: 02-004 | G29: Escarificación de todo tipo de pisos (incluye: escaleras, rampas, huellas, descansos, acceso) | H29: m2 | I29: 453 | J29: =+'POE Cesar Conto'!AA29 -> 10484 | K29: =ROUND(I29*J29,0) -> 4749252
D30: 02-006 | G30: Demolición de piso en adoquín de arcilla tipo 26 x 1/4 | H30: m2 | I30: 12 | J30: =+'POE Cesar Conto'!AA30 -> 14284 | K30: =ROUND(I30*J30,0) -> 171408
D31: 02-007 | G31: Desmonte de tramos de escalera metálica, incluye soportes y vigas | H31: m2 | I31: 18 | J31: =+'POE Cesar Conto'!AA31 -> 18149 | K31: =ROUND(I31*J31,0) -> 326682
D32: 02-008 | G32: Desmonte de puertas metálicas (2.44*2,60) | H32: u | I32: 2 | J32: =+'POE Cesar Conto'!AA32 -> 46494 | K32: =ROUND(I32*J32,0) -> 92988
D33: 02-009 | G33: Desmonte de cerramiento provisional (acceso) | H33: m2 | I33: 14 | J33: =+'POE Cesar Conto'!AA33 -> 8058 | K33: =ROUND(I33*J33,0) -> 112812
D34: 02-010 | G34: Desmonte de elementos metálicos - cortasoles (fachada) existentes (con opción de posible reutilización a criterio de la interventoría) | H34: m2 | I34: 697 | J34: =+'POE Cesar Conto'!AA34 -> 18313 | K34: =ROUND(I34*J34,0) -> 12764161
D35: 02-011 | G35: Desmonte y retiro de cubierta existente (conservar para su posterior reutilización de ser necesario), incluye desmonte todos los elemento de estructura de soporte. (cerchas, correas, etc). | H35: m2 | I35: 131 | J35: =+'POE Cesar Conto'!AA35 -> 33596 | K35: =ROUND(I35*J35,0) -> 4401076
D36: 02-014 | G36: Desmonte y retiro de canal en cubierta | H36: m | I36: 33 | J36: =+'POE Cesar Conto'!AA36 -> 11917 | K36: =ROUND(I36*J36,0) -> 393261
D37: 02-015 | G37: Desmonte y retiro de manto de impermeabilización existente | H37: m2 | I37: 72 | J37: =+'POE Cesar Conto'!AA37 -> 12151 | K37: =ROUND(I37*J37,0) -> 874872
... D45: 02-023 | G45: MEJORAMIENTO DEL TERRENO con recebo limpio y bien gradado, compactado al 95% del proctor modificado (Según recomendaciones del Estudio de Suelos.) | H45: m3 | I45: 20 | J45: =+'POE Cesar Conto'!AA45 -> 128485 | K45: =ROUND(I45*J45,0) -> 2569700
C46: Subtotal | K46: =SUBTOTAL(9,K26:K45) -> 58819495
D47: 03 | G47: ESTRUCTURAS EN CONCRETO Y ESTRUCTURA METÁLICA
D48: 03-001 | G48: Dintel en concreto arquitectónico reforzado a la vista f´c.4000 psi dimensiones:0,15 mts x 0,15 mts formaleta lisa para vanos ventana rampa principal. | H48: m | I48: 5 | J48: =+'POE Cesar Conto'!AA48 -> 37300 | K48: =ROUND(I48*J48,0) -> 186500
D49: 03-002 | G49: Columneta en concreto reforzado f´c:3000 psi para confinamiento de muros en mampostería 0,15 mts x 0,12 mts. Para elementos no estructurales existentes. | H49: m | I49: 469 | J49: =+'POE Cesar Conto'!AA49 -> 30326 | K49: =ROUND(I49*J49,0) -> 14222894
D50: 03-003 | G50: Viguetas en concreto reforzado f´c:3000 psi para confinamiento de muros en mampostería 0,15 0,20 mts. Para elementos no estructurales existentes. | H50: m | I50: 190 | J50: =+'POE Cesar Conto'!AA50 -> 33004 | K50: =ROUND(I50*J50,0) -> 6270760
D51: 03-004 | G51: Rampas en concreto f´c: 3000 psi. e=0.10 .Incluye formaleta y todo el equipo requerido para su ejecución. (interiores y exteriores), en cumplimiento con la normatividad de accesibilidad a personas con movilidad reducida (PMR). Incluye acero de refuerzo. | H51: m3 | I51: 2 | J51: =+'POE Cesar Conto'!AA51 -> 853292 | K51: =ROUND(I51*J51,0) -> 1706584
D52: 03-005 | G52: Placa de contrapiso en concreto f´c: 3000 psi para relleno de piso e=0.15 | H52: m2 | I52: 23 | J52: =+'POE Cesar Conto'!AA52 -> 113798 | K52: =ROUND(I52*J52,0) -> 2617354
D53: 03-006 | G53: Concreto de 3000 PSI para nariz de rampa caballera 15 cm * 15 cm (concreto púlido) | H53: m | I53: 28 | J53: =+'POE Cesar Conto'!AA53 -> 56740 | K53: =ROUND(I53*J53,0) -> 1588720
D54: 03-007 | G54: Placa maciza aérea en concreto 21 Mpa grava común, sobre tanque de aguas e=0,15 m | H54: m2 | I54: 4 | J54: =+'POE Cesar Conto'!AA54 -> 114179 | K54: =ROUND(I54*J54,0) -> 456716
D55: 03-008 | G55: Estructura metálica de entrepiso para piso de foso, incluye soldadura, anticorrosivo y pintura de acabado en 3 manos. (INCLUIR TODAS LAS REFERENCIAS, MENSULAS) | H55: kg | I55: 12741 | J55: =+'POE Cesar Conto'!AA55 -> 20498 | K55: =ROUND(I55*J55,0) -> 261165018
D56: 03-010 | G56: Placa en concreto f´c=3500 psi con lámina colaborante, incluye malla electrosoldada de refuerzo (según lo indiquen los planos estructurales), pases de acero, formaleta de soporte provisional. | H56: m2 | I56: 290 | J56: =+'POE Cesar Conto'!AA56 -> 217275 | K56: =ROUND(I56*J56,0) -> 63009750
D57: 03-012 | G57: Aplicación mortero acrílico impermeable de un componente tipo verticoat o similar para placas en concreto, pantallas a la vista. e=0,03 | H57: m2 | I57: 1291 | J57: =+'POE Cesar Conto'!AA57 -> 24520 | K57: =ROUND(I57*J57,0) -> 31655320
D58: 03-013 | G58: Tapa en concreto 2500 psi (70 cm * 70 cm; e=5 cm) con marco metálico para tanque subterráneo. | H58: u | I58: 1 | J58: =+'POE Cesar Conto'!AA58 -> 271902 | K58: =ROUND(I58*J58,0) -> 271902
D59: 03-014 | G59: Estructura metálica como soporte para la mecánica teatral, incluye soldadura, anticorrosivo y pintura de acabado en 3 manos. | H59: kg | I59: 10555 | J59: =+'POE Cesar Conto'!AA59 -> 20498 | K59: =ROUND(I59*J59,0) -> 216356390
... D74: 03-035 | G74: Suministro y aplicación de sellante elástico de poliuretano de alta resistencia química para juntas de dilatación de medidas Pf.>4,1<=10,0 mm a.>6,1<=10,0 mm, tipo Sikaflex Pro 3 WF de SIKA o equivalente de igual calidad o superior. Incluye limpieza en seco de las caras laterales de contacto, y perfil cilíndrico de espuma de polietileno de célula cerrada ø.=5/8" (16,0 mm) para limitar la profundidad a rellenar, tipo SikaRod de SIKA o equivalente. | H74: m | I74: 120 | J74: =+'POE Cesar Conto'!AA74 -> 18824 | K74: =ROUND(I74*J74,0) -> 2258880
C75: Subtotal | K75: =SUBTOTAL(9,K48:K74) -> 734456603
D76: 04 | G76: ACERO DE REFUERZO
D77: 04-001 | G77: Acero de refuerzo 420 mpa. Cumpliendo normas astm A706. (Dovelas, vigas, columnetas, jambas) | H77: kg | I77: 481 | J77: =+'POE Cesar Conto'!AA77 -> 7463 | K77: =ROUND(I77*J77,0) -> 3589703
C78: Subtotal | K78: =SUBTOTAL(9,K77:K77) -> 3589703
D79: 05 | G79: CUBIERTA E IMPERMEABILIZACIÓN
D80: 05-001 | G80: Mantenimiento de cubierta existente (incluye aseo, alineación, sellados) | H80: m2 | I80: 509 | J80: =+'POE Cesar Conto'!AA80 -> 15494 | K80: =ROUND(I80*J80,0) -> 7886446
D81: 05-002 | G81: Flanche en lámina galvanizada calibre 22 ancho variable 0.80 y 0.50 mts incluye: suministro, instalación, elementos de anclaje y sellado. Y Ranuras de perforación para instalación. | H81: m | I81: 112 | J81: =+'POE Cesar Conto'!AA81 -> 28876 | K81: =ROUND(I81*J81,0) -> 3234112
D82: 05-003 | G82: Impermeabilización capa 1: mortero de nivelación con impermeabilizante tipo toxement o similar+tela asfáltica tipo fibertel de fiberglass+supermanto tipo 500 XT PRO o similar de fiberglass+mortero con malla sin vena. (corredores y placas) | H82: m2 | I82: 327 | J82: =+'POE Cesar Conto'!AA82 -> 90081 | K82: =ROUND(I82*J82,0) -> 29456487
D83: 05-004 | G83: Reinstalación cubierta desmontada en sitios definidos de tipo provisional. Incluye reposición de piezas dañadas o en mal estado (tejas, cumbreras, caballetes, limatesas, limahoyas, flashing) y demás accesorios de instalación (amarres, sellantes, etc), equipo de trabajo en alturas. | H83: m2 | I83: 125 | J83: =+'POE Cesar Conto'!AA83 -> 108001 | K83: =ROUND(I83*J83,0) -> 13500125
C84: Subtotal | K84: =SUBTOTAL(9,K80:K83) -> 54077170
D85: 06 | G85: MAMPOSTERÍA
D86: 06-001 | G86: Cerramiento liviano metálico con SUPERWALL 80mm o similar una cara, con estructura metálica tubo cuadrado 2”, incluye todos los accesorios necesarios para su correcta instalación y fucionamiento. | H86: m2 | I86: 235 | J86: =+'POE Cesar Conto'!AA86 -> 155855 | K86: =ROUND(I86*J86,0) -> 36625925
D87: 06-002 | G87: Dintel sistema drywall fibrocemento doble cara STC 53 Perfiles base 9 (e=90mm) c/0,61 m, relleno central en fibra vidrio o lana roca (d>=10 KG / m3); membrana acústica Cal 3mm y placa e=12mm en cada cara para conformación de vanos puertas auditorio, Según especificación DT1 - STC 53 en el plano de Acondicionamiento acústico AC-09 | H87: m | I87: 50 | J87: =+'POE Cesar Conto'!AA87 -> 70538 | K87: =ROUND(I87*J87,0) -> 3526900
D88: 06-003 | G88: Muro con lámina de fibrocemento de e=12 mm (2,44x 1,22 Mts) una cara, estructura de fijación en Perfiles galvanizado Cal 26, manejar las jutas Flexibles con Hilo de espuma Tipo Sikarod (o similar), CINTA MALLA SELLA PANEL 45 mm, aplicar en la juta 3 manos de masilla tipo Text joint (o similar), incluye anclajes de fijación y soporte, pintura Sika Vinilo T-1. (o similar) (ascensores - cuarto técnico) | H88: m2 | I88: 191 | J88: =+'POE Cesar Conto'!AA88 -> 101317 | K88: =ROUND(I88*J88,0) -> 19351547
D89: 06-004 | G89: Suministro e instalación de relleno con frescasa d=14 d/m3, e=2 1/2", fijada con tornillo autoperforante de 3/4" y lámina Galvanizada Cal. 26 cuarto técnico | H89: m2 | I89: 52 | J89: =+'POE Cesar Conto'!AA89 -> 61996 | K89: =ROUND(I89*J89,0) -> 3223792
D90: 06-005 | G90: Cerramiento tipo jamba dimensiones 0,13 mts x 0,06 x 0,155 mts | H90: m | I90: 2 | J90: =+'POE Cesar Conto'!AA90 -> 43816 | K90: =ROUND(I90*J90,0) -> 87632
D91: 06-006 | G91: Muro en ladrillo a la vista, similar al existente | H91: m2 | I91: 20 | J91: =+'POE Cesar Conto'!AA91 -> 97959 | K91: =ROUND(I91*J91,0) -> 1959180
D92: 06-007 | G92: Suministro e instalación de bloque de concreto estructural para cierre de montacarga, incluye dovelas | H92: m2 | I92: 106 | J92: =+'POE Cesar Conto'!AA92 -> 77607 | K92: =ROUND(I92*J92,0) -> 8226342
D93: 06-008 | G93: CERRAMIENTO EN SISTEMA LIVIANO, TIPO FIBROCEMENTO 8 mm biselado, A UNA CARA, incluye estructura metálica,frescasa, cinta malla, filos, esquineros, carteras, y demás elementos necesarios para su correcto funcionamiento. | H93: m2 | I93: 35 | J93: =+'POE Cesar Conto'!AA93 -> 87546 | K93: =ROUND(I93*J93,0) -> 3064110
C94: Subtotal | K94: =SUBTOTAL(9,K86:K93) -> 76065428
D95: 07 | G95: PAÑETES
D96: 07-001 | G96: Pañete sobre muro con mortero 1:4; e 0,02mts; incluye filos, fajas y dilataciones en Elementos estructurales y vanos. (mortero 1:3) | H96: m2 | I96: 265 | J96: =+'POE Cesar Conto'!AA96 -> 23168 | K96: =ROUND(I96*J96,0) -> 6139520
D97: 07-002 | G97: Reemboquillado de enchapes en muros y pisos | H97: m2 | I97: 713 | J97: =+'POE Cesar Conto'!AA97 -> 15576 | K97: =ROUND(I97*J97,0) -> 11105688
C98: Subtotal | K98: =SUBTOTAL(9,K96:K97) -> 17245208
D99: 08 | G99: CIELO RASO
D100: 08-001 | G100: Cielo raso en Fibrocemento e= 6 mm Estructura de fijación en Perfiles de acero incluye: manejar las jutas Flexibles con Hilo de espuma Tipo Sikarod, cinta malla, aplicar en la juta 3 manos de masilla tipo Text joint, incluye anclajes de fijación y soporte, masilla sobre toda la superficie y 3 manos de pintura tipo1. | H100: m2 | I100: 1577 | J100: =+'POE Cesar Conto'!AA100 -> 70186 | K100: =ROUND(I100*J100,0) -> 110683322
D101: 08-002 | G101: Mantenimiento de cielo rasos en fibrocemento existente, incluye tratamiento de juntas flexibles y aplicación de 3 manos de pintura en vinilo tipo 3 | H101: m2 | I101: 80 | J101: =+'POE Cesar Conto'!AA101 -> 23183 | K101: =ROUND(I101*J101,0) -> 1854640
C102: Subtotal | K102: =SUBTOTAL(9,K100:K101) -> 112537962
D103: 09 | G103: BASES Y PISOS
D104: 09-001 | G104: Alistado de piso en mortero 1:4, espesor 2 cm, para allanar pisos auditorio y recibir piso técnico; allanar graderías balcones y todos los elementos y materiales necesarios para su correcta instalación | H104: m2 | I104: 883 | J104: =+'POE Cesar Conto'!AA104 -> 21769 | K104: =ROUND(I104*J104,0) -> 19222027
D105: 09-002 | G105: Instalación de pisos en adoquin de arcilla, (1/4 x 26) dimensiones y disposición espina de pescado similar al existente. | H105: m2 | I105: 25 | J105: =+'POE Cesar Conto'!AA105 -> 120715 | K105: =ROUND(I105*J105,0) -> 3017875
D106: 09-003 | G106: Piso para graderías de balcones enchape en madera de 20 mm, incluye perforaciones pases y adecuación de platinas para silletería, fijar con tornillos de 42mm autoavellanantes. Colocar en las jutas arandelas avellanadas con tornillo para mantener a ras la juta. | H106: m2 | I106: 264 | J106: =+'POE Cesar Conto'!AA106 -> 811189 | K106: =ROUND(I106*J106,0) -> 214153896
D107: 09-004 | G107: Sum/Const. gradas intermedias en prefabricados de concreto f´c=210 KG/cM2 e aprox=6 cm para descomponer la altura de las gradas en las circulaciones de las graderías del auditorio Incluye malla electrosoldada d=4 mm c/0,15 m @ sentidos, anclajes mecánicos a estructura existente, dilatación con Sika Fix 2 equivalente de igual calidad o superior, y adherido al concreto Sikadur 31 equivalente de igual calidad o superior, normal adhesivo. | H107: m | I107: 38 | J107: =+'POE Cesar Conto'!AA107 -> 47259 | K107: =ROUND(I107*J107,0) -> 1795842
D108: 09-005 | G108: Sum/Ins. Acabado de pisos, huella y contrahuella escalera metálica caucho toperol negro para silenciar escaleras metálicas, pasarelas y cabinas de sonido. | H108: m2 | I108: 99 | J108: =+'POE Cesar Conto'!AA108 -> 62138 | K108: =ROUND(I108*J108,0) -> 6151662
D109: 09-006 | G109: Instalación de cintas antideslizantes en huellas | H109: m | I109: 542 | J109: =+'POE Cesar Conto'!AA109 -> 14415 | K109: =ROUND(I109*J109,0) -> 7812930
D110: 09-007 | G110: Acabado para piso en concreto con endurecedor tipo fórmula ASHFORD o similar | H110: m2 | I110: 522 | J110: =+'POE Cesar Conto'!AA110 -> 31545 | K110: =ROUND(I110*J110,0) -> 16466490
D111: 09-008 | G111: Guardaescobas media caña fudida en sitio, en granito color beige según muestra micrograno dim:0,10 mts x 0,10 mts incluye emboquillada, pulida, brillada y dilatación de 1" en aluminio REF:TR 379 Tipo Alúmina o equivalente. | H111: m | I111: 186 | J111: =+'POE Cesar Conto'!AA111 -> 32359 | K111: =ROUND(I111*J111,0) -> 6018774
D112: 09-009 | G112: Enchape en cerámica color a definir tipo institucional o similar dimensión minima 33,8x33,8 para pisos | H112: m2 | I112: 209 | J112: =+'POE Cesar Conto'!AA112 -> 76215 | K112: =ROUND(I112*J112,0) -> 15928935
D113: 09-010 | G113: Enchape en cerámica color a definir tipo institucional o similar gran formato dimensiones minimas 40x80 para muros | H113: m2 | I113: 180 | J113: =+'POE Cesar Conto'!AA113 -> 75961 | K113: =ROUND(I113*J113,0) -> 13672980
C114: Subtotal | K114: =SUBTOTAL(9,K104:K113) -> 304241411
D115: 10 | G115: CARPINTERÍA MADERA
D116: 10-001 | G116: PN-01 Suministro e instalación de Puerta en aglomerado de madera R.H. con chapilla de madera Cedro Puerto Asís e=5cm Estructura interior de madera. Pivote superior e inferior en acero de 1". Marco perimetral de madera. Todos los elementos tendrán acabado en tintilla y laca mate. Montante entamborado con lámina de tríplex. Cerrojo institucional Yale ó similar de igual calidad ó superior. Manijas en acero tipo Roma en tubo redondo con acabado cromado mate. (Ver especificaciones técnicas y detalles) (0,75 * 2,67) | H116: u | I116: 6 | J116: =+'POE Cesar Conto'!AA116 -> 1508596 | K116: =ROUND(I116*J116,0) -> 9051576
D117: 10-002 | G117: PN-01A Suministro e instalación de Puerta en aglomerado de madera R.H. con chapilla de madera Cedro Puerto Asís e=5cm Estructura interior de madera. Pivote superior e inferior en acero de 1". Marco perimetral de madera. Todos los elementos tendrán acabado en tintilla y laca mate. Montante entamborado con lámina de tríplex. Cerrojo institucional Yale ó similar de igual calidad ó superior. Manijas en acero tipo Roma en tubo redondo con acabado cromado mate. (Ver especificaciones técnicas y detalles) (1,00 * 2,67) | H117: u | I117: 3 | J117: =+'POE Cesar Conto'!AA117 -> 1537468 | K117: =ROUND(I117*J117,0) -> 4612404
D118: 10-003 | G118: PN-01B Suministro e instalación de Puerta en aglomerado de madera R.H. con chapilla de madera Cedro Puerto Asís e=5cm Estructura interior de madera. Pivote superior e inferior en acero de 1". Marco perimetral de madera. Todos los elementos tendrán acabado en tintilla y laca mate. Montante entamborado con lámina de tríplex. Cerrojo institucional Yale ó similar de igual calidad ó superior. Manijas en acero tipo Roma en tubo redondo con acabado cromado mate. (Ver especificaciones técnicas y detalles) (1,00 * 2.85) | H118: u | I118: 7 | J118: =+'POE Cesar Conto'!AA118 -> 1641617 | K118: =ROUND(I118*J118,0) -> 11491319
D119: 10-004 | G119: PN-01C Suministro e instalación de Puerta en aglomerado de madera R.H. con chapilla de madera Cedro Puerto Asís e=5cm Estructura interior de madera. Pivote superior e inferior en acero de 1". Marco perimetral de madera. Todos los elementos tendrán acabado en tintilla y laca mate. Montante entamborado con lámina de tríplex. Cerrojo institucional Yale ó similar de igual calidad ó superior. Manijas en acero tipo Roma en tubo redondo con acabado cromado mate. (Ver especificaciones técnicas y detalles) (0,75 * 2.85) | H119: u | I119: 6 | J119: =+'POE Cesar Conto'!AA119 -> 1529219 | K119: =ROUND(I119*J119,0) -> 9175314
D120: 10-005 | G120: PN-01D Suministro e instalación de Puerta en aglomerado de madera R.H. con chapilla de madera Cedro Puerto Asís e=5cm Estructura interior de madera. Pivote superior e inferior en acero de 1". Marco perimetral de madera. Todos los elementos tendrán acabado en tintilla y laca mate. Montante entamborado con lámina de tríplex. Cerrojo institucional Yale ó similar de igual calidad ó superior. Manijas en acero tipo Roma en tubo redondo con acabado cromado mate. (Ver especificaciones técnicas y detalles) (4,97 * 1,10) | H120: u | I120: 2 | J120: =+'POE Cesar Conto'!AA120 -> 3604957 | K120: =ROUND(I120*J120,0) -> 7209914
D121: 10-006 | G121: PN-01E Suministro e instalación de Puerta en aglomerado de madera R.H. con chapilla de madera Cedro Puerto Asís e=5cm Estructura interior de madera. Pivote superior e inferior en acero de 1". Marco perimetral de madera. Todos los elementos tendrán acabado en tintilla y laca mate. Montante entamborado con lámina de tríplex. Cerrojo institucional Yale ó similar de igual calidad ó superior. Manijas en acero tipo Roma en tubo redondo con acabado cromado mate. (Ver especificaciones técnicas y detalles) (1,00 * 1,90) Cabinas | H121: u | I121: 1 | J121: =+'POE Cesar Conto'!AA121 -> 1508596 | K121: =ROUND(I121*J121,0) -> 1508596
D122: 10-007 | G122: PN-04 PUERTA EN MADERA: Puerta entamborada con lámina de triplex. Estructura interior con bastidor interno y elementos para la instalación de la cerradura y refuerzos de madera pegados entre sí. Marco tipo MADECOR ESTANDAR Pizano, en MADECOR RH ó similar. Membrana acústica e:3mm en ambas caras, cámara de aire de 25mm, y relleno intermedio en lámina semirrígida de fibra de vidrio e:1". Todos los elementos de madera tendrán acabado con pintura al duco en 3 manos. Color de acuerdo a muestra en obra, aprobada por el diseñador. Manija institucional Yale ó similar de igual calidad ó superior. Apertutra hacia el interior | H122: u | I122: 1 | J122: =+'POE Cesar Conto'!AA122 -> 1508596 | K122: =ROUND(I122*J122,0) -> 1508596
C123: Subtotal | K123: =SUBTOTAL(9,K116:K122) -> 44557719
D124: 11 | G124: CARPINTERÍA METÁLICA
D125: 11-001 | G125: VENTANAS
...

Sheet POE Cesar Conto
C3: Formulario 1 - Propuesta económica - Licitación de obra pública de infraestructura social
C4: Código | D4: CCE-EICP-FM-116 | E4: Versión | F4: 1
C6: PRESUPUESTO OFICIAL LICITACION PUBLICA MC-LP-002-2024
C7: [La Entidad puede utilizar este Formulario de detalle del Presupuesto Oficial para determinar las condiciones bajo las cuales los Proponentes analizarán y presentarán su propuesta económica de forma detallada, sin perjuicio que la Entidad pueda modificarlo o establecer la presentación de la oferta económica con un Formulario distinto al indicado.]
C9: Adicionalmente, cuando el Proceso de Contratación es estructurado por Precios Unitarios, la Entidad debe aplicar las notas 1, 2 y 3 del presente Formulario y las casillas de "Descripción", "Porcentaje" de la Administración, Imprevisto, Utilidad y total A.I.U. resaltadas en color amarillo. Tratándose de otras modalidades de precio, la Entidad puede o no configurar los mismos aspectos.
C11: Nº | D11: ÍTEM DE PAGO | E11: ESPECIFICACIONES | G11: DESCRIPCIÓN | H11: UND. | I11: CANTIDAD | J11: VALOR UNITARIO | K11: VALOR TOTAL | AA11: 0.966895
E12: GENERAL | F12: PARTICULAR | O12: x | P12: x | Q12: xx | R12: x | S12: x | T12: x | U12: xx
D13: 01 | G13: PRELIMINARES
D14: 01-002 | G14: Evacuación de aguas en tanques y fosos | H14: m3 | I14: 362 | J14: 1493 | K14: =ROUND(I14*J14,0) -> 540466 | AA14: =+IFERROR(ROUND($AA$11*J14,0),"") -> 1444
D15: 01-003 | G15: Suministro e instalación de polisombra negra para protección vertical a colindantes contracaidas de elementos durante la intervención | H15: m2 | I15: 128 | J15: 12854 | K15: =ROUND(I15*J15,0) -> 1645312 | AA15: =+IFERROR(ROUND($AA$11*J15,0),"") -> 12428
D16: 01-006 | G16: Aseo general previo al inicio de la obra, incluye fumigación preliminar tanto de pisos como de muros, incluye retiro de vegetación parásita. | H16: m2 | I16: 3209 | J16: 15555 | K16: =ROUND(I16*J16,0) -> 49915995 | AA16: =+IFERROR(ROUND($AA$11*J16,0),"") -> 15040
D17: 01-007 | G17: Mantenimiento de equipos de presión y puesta en marcha | H17: gl | I17: 1 | J17: 10591721 | K17: =ROUND(I17*J17,0) -> 10591721 | AA17: =+IFERROR(ROUND($AA$11*J17,0),"") -> 10241082
D18: 01-009 | G18: Mantenimiento de equipos eléctricos y pruebas | H18: u | I18: 1 | J18: 5295860 | K18: =ROUND(I18*J18,0) -> 5295860 | AA18: =+IFERROR(ROUND($AA$11*J18,0),"") -> 5120541
D19: 01-010 | G19: Impermeabilización de fosos de ascensor, plataforma, tanques de agua y RCI en Mortero impermeabilización flexible, bicomponente (Sistema Danosa o equivalente de igual calidad o superior) | H19: m2 | I19: 289 | J19: 248863 | K19: =ROUND(I19*J19,0) -> 71921407 | AA19: =+IFERROR(ROUND($AA$11*J19,0),"") -> 240624
D20: 01-012 | G20: Aseo y limpieza de ladrillos y boquelon de fachada incluye hidrofugado | H20: m2 | I20: 1960 | J20: 10824 | K20: =ROUND(I20*J20,0) -> 21215040 | AA20: =+IFERROR(ROUND($AA$11*J20,0),"") -> 10466
D21: 01-013 | G21: Mantenimiento estructura metálica existente (vigas, columnas, cerchas, parales, etc), consistente en el retiro de oxido (mediante el sistema que determine el contratista junto con la interventoria, pudiendo ser raspado, chorro a presión de arena, etc) aplicación de anticorrosivo y pintura de acabado (esmalte sintético alquídico a base de aceite en tres (3) capas aplicadas con pistola sobre la totalidad de las caras del elemento) incluye preparación de superficie y diluyente. implementos para trabajos en altura. | H21: m | I21: 2800 | J21: 16531 | K21: =ROUND(I21*J21,0) -> 46286800 | AA21: =+IFERROR(ROUND($AA$11*J21,0),"") -> 15984
D22: 01-014 | G22: Mantenimiento canales y bajantes, incluye retiro de material, reparación y sellado, anticorrosivo y pintura. Incluye elementos para trabajo en alturas. | H22: m | I22: 387 | J22: 8037 | K22: =ROUND(I22*J22,0) -> 3110319 | AA22: =+IFERROR(ROUND($AA$11*J22,0),"") -> 7771
D23: 01-015 | G23: Reemplazo de tubería PVC 1/2" por tubería EMT 1/2" donde por norma se requiera, incluye desmonte tubería PVC, incluye soportes, regatas, resanes. | H23: m | I23: 500 | J23: 33669 | K23: =ROUND(I23*J23,0) -> 16834500 | AA23: =+IFERROR(ROUND($AA$11*J23,0),"") -> 32554
C24: Subtotal | K24: =SUBTOTAL(9,K14:K23) -> 227357420 | AA24: =+IFERROR(ROUND($AA$11*J24,0),"") -> 0
D25: 02 | G25: DESMONTES Y DEMOLICIONES | AA25: =+IFERROR(ROUND($AA$11*J25,0),"") -> 0
D26: 02-001 | G26: Demolición de muros de mampostería en bloque cemento, arcilla, concretos, en el estado actual con su respectivo acabados. (incluye corte perimetral con pulidora de ser requerido y retiro de escombros) Incluye cargue, trasiego interno, transporte y vale a escombrera autorizada por muicipio. | H26: m2 | I26: 63 | J26: 24627 | K26: =ROUND(I26*J26,0) -> 1551501 | AA26: =+IFERROR(ROUND($AA$11*J26,0),"") -> 23812
D27: 02-002 | G27: Demolición de nariz en rampa | H27: m | I27: 55 | J27: 11317 | K27: =ROUND(I27*J27,0) -> 622435 | AA27: =+IFERROR(ROUND($AA$11*J27,0),"") -> 10942
D28: 02-003 | G28: Demolición de poyo en concreto | H28: m | I28: 7 | J28: 11317 | K28: =ROUND(I28*J28,0) -> 79219 | AA28: =+IFERROR(ROUND($AA$11*J28,0),"") -> 10942
D29: 02-004 | G29: Escarificación de todo tipo de pisos (incluye: escaleras, rampas, huellas, descansos, acceso) | H29: m2 | I29: 453 | J29: 10843 | K29: =ROUND(I29*J29,0) -> 4911879 | AA29: =+IFERROR(ROUND($AA$11*J29,0),"") -> 10484
D30: 02-006 | G30: Demolición de piso en adoquín de arcilla tipo 26 x 1/4 | H30: m2 | I30: 12 | J30: 14773 | K30: =ROUND(I30*J30,0) -> 177276 | AA30: =+IFERROR(ROUND($AA$11*J30,0),"") -> 14284
D31: 02-007 | G31: Desmonte de tramos de escalera metálica, incluye soportes y vigas | H31: m2 | I31: 18 | J31: 18770 | K31: =ROUND(I31*J31,0) -> 337860 | AA31: =+IFERROR(ROUND($AA$11*J31,0),"") -> 18149
D32: 02-008 | G32: Desmonte de puertas metálicas (2.44*2,60) | H32: u | I32: 2 | J32: 48086 | K32: =ROUND(I32*J32,0) -> 96172 | AA32: =+IFERROR(ROUND($AA$11*J32,0),"") -> 46494
D33: 02-009 | G33: Desmonte de cerramiento provisional (acceso) | H33: m2 | I33: 14 | J33: 8334 | K33: =ROUND(I33*J33,0) -> 116676 | AA33: =+IFERROR(ROUND($AA$11*J33,0),"") -> 8058
D34: 02-010 | G34: Desmonte de elementos metálicos - cortasoles (fachada) existentes (con opción de posible reutilización a criterio de la interventoría) | H34: m2 | I34: 697 | J34: 18940 | K34: =ROUND(I34*J34,0) -> 13201180 | AA34: =+IFERROR(ROUND($AA$11*J34,0),"") -> 18313
D35: 02-011 | G35: Desmonte y retiro de cubierta existente (conservar para su posterior reutilización de ser necesario), incluye desmonte todos los elemento de estructura de soporte. (cerchas, correas, etc). | H35: m2 | I35: 131 | J35: 34746 | K35: =ROUND(I35*J35,0) -> 4551726 | AA35: =+IFERROR(ROUND($AA$11*J35,0),"") -> 33596
D36: 02-014 | G36: Desmonte y retiro de canal en cubierta | H36: m | I36: 33 | J36: 12325 | K36: =ROUND(I36*J36,0) -> 406725 | AA36: =+IFERROR(ROUND($AA$11*J36,0),"") -> 11917
D37: 02-015 | G37: Desmonte y retiro de manto de impermeabilización existente | H37: m2 | I37: 72 | J37: 12567 | K37: =ROUND(I37*J37,0) -> 904824 | AA37: =+IFERROR(ROUND($AA$11*J37,0),"") -> 12151
... D45: 02-023 | G45: MEJORAMIENTO DEL TERRENO con recebo limpio y bien gradado, compactado al 95% del proctor modificado (Según recomendaciones del Estudio de Suelos.) | H45: m3 | I45: 20 | J45: 132884 | K45: =ROUND(I45*J45,0) -> 2657680 | AA45: =+IFERROR(ROUND($AA$11*J45,0),"") -> 128485
C46: Subtotal | K46: =SUBTOTAL(9,K26:K45) -> 60833493 | AA46: =+IFERROR(ROUND($AA$11*J46,0),"") -> 0
D47: 03 | G47: ESTRUCTURAS EN CONCRETO Y ESTRUCTURA METÁLICA | AA47: =+IFERROR(ROUND($AA$11*J47,0),"") -> 0
D48: 03-001 | G48: Dintel en concreto arquitectónico reforzado a la vista f´c.4000 psi dimensiones:0,15 mts x 0,15 mts formaleta lisa para vanos ventana rampa principal. | H48: m | I48: 5 | J48: 38577 | K48: =ROUND(I48*J48,0) -> 192885 | AA48: =+IFERROR(ROUND($AA$11*J48,0),"") -> 37300
D49: 03-002 | G49: Columneta en concreto reforzado f´c:3000 psi para confinamiento de muros en mampostería 0,15 mts x 0,12 mts. Para elementos no estructurales existentes. | H49: m | I49: 469 | J49: 31364 | K49: =ROUND(I49*J49,0) -> 14709716 | AA49: =+IFERROR(ROUND($AA$11*J49,0),"") -> 30326
D50: 03-003 | G50: Viguetas en concreto reforzado f´c:3000 psi para confinamiento de muros en mampostería 0,15 0,20 mts. Para elementos no estructurales existentes. | H50: m | I50: 190 | J50: 34134 | K50: =ROUND(I50*J50,0) -> 6485460 | AA50: =+IFERROR(ROUND($AA$11*J50,0),"") -> 33004
D51: 03-004 | G51: Rampas en concreto f´c: 3000 psi. e=0.10 .Incluye formaleta y todo el equipo requerido para su ejecución. (interiores y exteriores), en cumplimiento con la normatividad de accesibilidad a personas con movilidad reducida (PMR). Incluye acero de refuerzo. | H51: m3 | I51: 2 | J51: 882507 | K51: =ROUND(I51*J51,0) -> 1765014 | AA51: =+IFERROR(ROUND($AA$11*J51,0),"") -> 853292
D52: 03-005 | G52: Placa de contrapiso en concreto f´c: 3000 psi para relleno de piso e=0.15 | H52: m2 | I52: 23 | J52: 117694 | K52: =ROUND(I52*J52,0) -> 2706962 | AA52: =+IFERROR(ROUND($AA$11*J52,0),"") -> 113798
D53: 03-006 | G53: Concreto de 3000 PSI para nariz de rampa caballera 15 cm * 15 cm (concreto púlido) | H53: m | I53: 28 | J53: 58683 | K53: =ROUND(I53*J53,0) -> 1643124 | AA53: =+IFERROR(ROUND($AA$11*J53,0),"") -> 56740
D54: 03-007 | G54: Placa maciza aérea en concreto 21 Mpa grava común, sobre tanque de aguas e=0,15 m | H54: m2 | I54: 4 | J54: 118088 | K54: =ROUND(I54*J54,0) -> 472352 | AA54: =+IFERROR(ROUND($AA$11*J54,0),"") -> 114179
D55: 03-008 | G55: Estructura metálica de entrepiso para piso de foso, incluye soldadura, anticorrosivo y pintura de acabado en 3 manos. (INCLUIR TODAS LAS REFERENCIAS, MENSULAS) | H55: kg | I55: 12741 | J55: 21200 | K55: =ROUND(I55*J55,0) -> 270109200 | AA55: =+IFERROR(ROUND($AA$11*J55,0),"") -> 20498
D56: 03-010 | G56: Placa en concreto f´c=3500 psi con lámina colaborante, incluye malla electrosoldada de refuerzo (según lo indiquen los planos estructurales), pases de acero, formaleta de soporte provisional. | H56: m2 | I56: 290 | J56: 224714 | K56: =ROUND(I56*J56,0) -> 65167060 | AA56: =+IFERROR(ROUND($AA$11*J56,0),"") -> 217275
D57: 03-012 | G57: Aplicación mortero acrílico impermeable de un componente tipo verticoat o similar para placas en concreto, pantallas a la vista. e=0,03 | H57: m2 | I57: 1291 | J57: 25360 | K57: =ROUND(I57*J57,0) -> 32739760 | AA57: =+IFERROR(ROUND($AA$11*J57,0),"") -> 24520
D58: 03-013 | G58: Tapa en concreto 2500 psi (70 cm * 70 cm; e=5 cm) con marco metálico para tanque subterráneo. | H58: u | I58: 1 | J58: 281211 | K58: =ROUND(I58*J58,0) -> 281211 | AA58: =+IFERROR(ROUND($AA$11*J58,0),"") -> 271902
D59: 03-014 | G59: Estructura metálica como soporte para la mecánica teatral, incluye soldadura, anticorrosivo y pintura de acabado en 3 manos. | H59: kg | I59: 10555 | J59: 21200 | K59: =ROUND(I59*J59,0) -> 223766000 | AA59: =+IFERROR(ROUND($AA$11*J59,0),"") -> 20498
... D74: 03-035 | G74: Suministro y aplicación de sellante elástico de poliuretano de alta resistencia química para juntas de dilatación de medidas Pf.>4,1<=10,0 mm a.>6,1<=10,0 mm, tipo Sikaflex Pro 3 WF de SIKA o equivalente de igual calidad o superior. Incluye limpieza en seco de las caras laterales de contacto, y perfil cilíndrico de espuma de polietileno de célula cerrada ø.=5/8" (16,0 mm) para limitar la profundidad a rellenar, tipo SikaRod de SIKA o equivalente. | H74: m | I74: 120 | J74: 19468 | K74: =ROUND(I74*J74,0) -> 2336160 | AA74: =+IFERROR(ROUND($AA$11*J74,0),"") -> 18824
C75: Subtotal | K75: =SUBTOTAL(9,K48:K74) -> 759608226 | AA75: =+IFERROR(ROUND($AA$11*J75,0),"") -> 0
D76: 04 | G76: ACERO DE REFUERZO | AA76: =+IFERROR(ROUND($AA$11*J76,0),"") -> 0
D77: 04-001 | G77: Acero de refuerzo 420 mpa. Cumpliendo normas astm A706. (Dovelas, vigas, columnetas, jambas) | H77: kg | I77: 481 | J77: 7719 | K77: =ROUND(I77*J77,0) -> 3712839 | AA77: =+IFERROR(ROUND($AA$11*J77,0),"") -> 7463
C78: Subtotal | K78: =SUBTOTAL(9,K77:K77) -> 3712839 | AA78: =+IFERROR(ROUND($AA$11*J78,0),"") -> 0
D79: 05 | G79: CUBIERTA E IMPERMEABILIZACIÓN | AA79: =+IFERROR(ROUND($AA$11*J79,0),"") -> 0
D80: 05-001 | G80: Mantenimiento de cubierta existente (incluye aseo, alineación, sellados) | H80: m2 | I80: 509 | J80: 16024 | K80: =ROUND(I80*J80,0) -> 8156216 | AA80: =+IFERROR(ROUND($AA$11*J80,0),"") -> 15494
D81: 05-002 | G81: Flanche en lámina galvanizada calibre 22 ancho variable 0.80 y 0.50 mts incluye: suministro, instalación, elementos de anclaje y sellado. Y Ranuras de perforación para instalación. | H81: m | I81: 112 | J81: 29865 | K81: =ROUND(I81*J81,0) -> 3344880 | AA81: =+IFERROR(ROUND($AA$11*J81,0),"") -> 28876
D82: 05-003 | G82: Impermeabilización capa 1: mortero de nivelación con impermeabilizante tipo toxement o similar+tela asfáltica tipo fibertel de fiberglass+supermanto tipo 500 XT PRO o similar de fiberglass+mortero con malla sin vena. (corredores y placas) | H82: m2 | I82: 327 | J82: 93165 | K82: =ROUND(I82*J82,0) -> 30464955 | AA82: =+IFERROR(ROUND($AA$11*J82,0),"") -> 90081
D83: 05-004 | G83: Reinstalación cubierta desmontada en sitios definidos de tipo provisional. Incluye reposición de piezas dañadas o en mal estado (tejas, cumbreras, caballetes, limatesas, limahoyas, flashing) y demás accesorios de instalación (amarres, sellantes, etc), equipo de trabajo en alturas. | H83: m2 | I83: 125 | J83: 111699 | K83: =ROUND(I83*J83,0) -> 13962375 | AA83: =+IFERROR(ROUND($AA$11*J83,0),"") -> 108001
C84: Subtotal | K84: =SUBTOTAL(9,K80:K83) -> 55928426 | AA84: =+IFERROR(ROUND($AA$11*J84,0),"") -> 0
D85: 06 | G85: MAMPOSTERÍA | AA85: =+IFERROR(ROUND($AA$11*J85,0),"") -> 0
D86: 06-001 | G86: Cerramiento liviano metálico con SUPERWALL 80mm o similar una cara, con estructura metálica tubo cuadrado 2”, incluye todos los accesorios necesarios para su correcta instalación y fucionamiento. | H86: m2 | I86: 235 | J86: 161191 | K86: =ROUND(I86*J86,0) -> 37879885 | AA86: =+IFERROR(ROUND($AA$11*J86,0),"") -> 155855
D87: 06-002 | G87: Dintel sistema drywall fibrocemento doble cara STC 53 Perfiles base 9 (e=90mm) c/0,61 m, relleno central en fibra vidrio o lana roca (d>=10 KG / m3); membrana acústica Cal 3mm y placa e=12mm en cada cara para conformación de vanos puertas auditorio, Según especificación DT1 - STC 53 en el plano de Acondicionamiento acústico AC-09 | H87: m | I87: 50 | J87: 72953 | K87: =ROUND(I87*J87,0) -> 3647650 | AA87: =+IFERROR(ROUND($AA$11*J87,0),"") -> 70538
D88: 06-003 | G88: Muro con lámina de fibrocemento de e=12 mm (2,44x 1,22 Mts) una cara, estructura de fijación en Perfiles galvanizado Cal 26, manejar las jutas Flexibles con Hilo de espuma Tipo Sikarod (o similar), CINTA MALLA SELLA PANEL 45 mm, aplicar en la juta 3 manos de masilla tipo Text joint (o similar), incluye anclajes de fijación y soporte, pintura Sika Vinilo T-1. (o similar) (ascensores - cuarto técnico) | H88: m2 | I88: 191 | J88: 104786 | K88: =ROUND(I88*J88,0) -> 20014126 | AA88: =+IFERROR(ROUND($AA$11*J88,0),"") -> 101317
D89: 06-004 | G89: Suministro e instalación de relleno con frescasa d=14 d/m3, e=2 1/2", fijada con tornillo autoperforante de 3/4" y lámina Galvanizada Cal. 26 cuarto técnico | H89: m2 | I89: 52 | J89: 64119 | K89: =ROUND(I89*J89,0) -> 3334188 | AA89: =+IFERROR(ROUND($AA$11*J89,0),"") -> 61996
D90: 06-005 | G90: Cerramiento tipo jamba dimensiones 0,13 mts x 0,06 x 0,155 mts | H90: m | I90: 2 | J90: 45316 | K90: =ROUND(I90*J90,0) -> 90632 | AA90: =+IFERROR(ROUND($AA$11*J90,0),"") -> 43816
D91: 06-006 | G91: Muro en ladrillo a la vista, similar al existente | H91: m2 | I91: 20 | J91: 101313 | K91: =ROUND(I91*J91,0) -> 2026260 | AA91: =+IFERROR(ROUND($AA$11*J91,0),"") -> 97959
D92: 06-007 | G92: Suministro e instalación de bloque de concreto estructural para cierre de montacarga, incluye dovelas | H92: m2 | I92: 106 | J92: 80264 | K92: =ROUND(I92*J92,0) -> 8507984 | AA92: =+IFERROR(ROUND($AA$11*J92,0),"") -> 77607
D93: 06-008 | G93: CERRAMIENTO EN SISTEMA LIVIANO, TIPO FIBROCEMENTO 8 mm biselado, A UNA CARA, incluye estructura metálica,frescasa, cinta malla, filos, esquineros, carteras, y demás elementos necesarios para su correcto funcionamiento. | H93: m2 | I93: 35 | J93: 90543 | K93: =ROUND(I93*J93,0) -> 3169005 | AA93: =+IFERROR(ROUND($AA$11*J93,0),"") -> 87546
C94: Subtotal | K94: =SUBTOTAL(9,K86:K93) -> 78669730 | AA94: =+IFERROR(ROUND($AA$11*J94,0),"") -> 0
D95: 07 | G95: PAÑETES | AA95: =+IFERROR(ROUND($AA$11*J95,0),"") -> 0
D96: 07-001 | G96: Pañete sobre muro con mortero 1:4; e 0,02mts; incluye filos, fajas y dilataciones en Elementos estructurales y vanos. (mortero 1:3) | H96: m2 | I96: 265 | J96: 23961 | K96: =ROUND(I96*J96,0) -> 6349665 | AA96: =+IFERROR(ROUND($AA$11*J96,0),"") -> 23168
D97: 07-002 | G97: Reemboquillado de enchapes en muros y pisos | H97: m2 | I97: 713 | J97: 16109 | K97: =ROUND(I97*J97,0) -> 11485717 | AA97: =+IFERROR(ROUND($AA$11*J97,0),"") -> 15576
C98: Subtotal | K98: =SUBTOTAL(9,K96:K97) -> 17835382 | AA98: =+IFERROR(ROUND($AA$11*J98,0),"") -> 0
D99: 08 | G99: CIELO RASO | AA99: =+IFERROR(ROUND($AA$11*J99,0),"") -> 0
D100: 08-001 | G100: Cielo raso en Fibrocemento e= 6 mm Estructura de fijación en Perfiles de acero incluye: manejar las jutas Flexibles con Hilo de espuma Tipo Sikarod, cinta malla, aplicar en la juta 3 manos de masilla tipo Text joint, incluye anclajes de fijación y soporte, masilla sobre toda la superficie y 3 manos de pintura tipo1. | H100: m2 | I100: 1577 | J100: 72589 | K100: =ROUND(I100*J100,0) -> 114472853 | AA100: =+IFERROR(ROUND($AA$11*J100,0),"") -> 70186
D101: 08-002 | G101: Mantenimiento de cielo rasos en fibrocemento existente, incluye tratamiento de juntas flexibles y aplicación de 3 manos de pintura en vinilo tipo 3 | H101: m2 | I101: 80 | J101: 23977 | K101: =ROUND(I101*J101,0) -> 1918160 | AA101: =+IFERROR(ROUND($AA$11*J101,0),"") -> 23183
C102: Subtotal | K102: =SUBTOTAL(9,K100:K101) -> 116391013 | AA102: =+IFERROR(ROUND($AA$11*J102,0),"") -> 0
D103: 09 | G103: BASES Y PISOS | AA103: =+IFERROR(ROUND($AA$11*J103,0),"") -> 0
D104: 09-001 | G104: Alistado de piso en mortero 1:4, espesor 2 cm, para allanar pisos auditorio y recibir piso técnico; allanar graderías balcones y todos los elementos y materiales necesarios para su correcta instalación | H104: m2 | I104: 883 | J104: 22514 | K104: =ROUND(I104*J104,0) -> 19879862 | AA104: =+IFERROR(ROUND($AA$11*J104,0),"") -> 21769
D105: 09-002 | G105: Instalación de pisos en adoquin de arcilla, (1/4 x 26) dimensiones y disposición espina de pescado similar al existente. | H105: m2 | I105: 25 | J105: 124848 | K105: =ROUND(I105*J105,0) -> 3121200 | AA105: =+IFERROR(ROUND($AA$11*J105,0),"") -> 120715
D106: 09-003 | G106: Piso para graderías de balcones enchape en madera de 20 mm, incluye perforaciones pases y adecuación de platinas para silletería, fijar con tornillos de 42mm autoavellanantes. Colocar en las jutas arandelas avellanadas con tornillo para mantener a ras la juta. | H106: m2 | I106: 264 | J106: 838963 | K106: =ROUND(I106*J106,0) -> 221486232 | AA106: =+IFERROR(ROUND($AA$11*J106,0),"") -> 811189
D107: 09-004 | G107: Sum/Const. gradas intermedias en prefabricados de concreto f´c=210 KG/cM2 e aprox=6 cm para descomponer la altura de las gradas en las circulaciones de las graderías del auditorio Incluye malla electrosoldada d=4 mm c/0,15 m @ sentidos, anclajes mecánicos a estructura existente, dilatación con Sika Fix 2 equivalente de igual calidad o superior, y adherido al concreto Sikadur 31 equivalente de igual calidad o superior, normal adhesivo. | H107: m | I107: 38 | J107: 48877 | K107: =ROUND(I107*J107,0) -> 1857326 | AA107: =+IFERROR(ROUND($AA$11*J107,0),"") -> 47259
D108: 09-005 | G108: Sum/Ins. Acabado de pisos, huella y contrahuella escalera metálica caucho toperol negro para silenciar escaleras metálicas, pasarelas y cabinas de sonido. | H108: m2 | I108: 99 | J108: 64266 | K108: =ROUND(I108*J108,0) -> 6362334 | AA108: =+IFERROR(ROUND($AA$11*J108,0),"") -> 62138
D109: 09-006 | G109: Instalación de cintas antideslizantes en huellas | H109: m | I109: 542 | J109: 14909 | K109: =ROUND(I109*J109,0) -> 8080678 | AA109: =+IFERROR(ROUND($AA$11*J109,0),"") -> 14415
D110: 09-007 | G110: Acabado para piso en concreto con endurecedor tipo fórmula ASHFORD o similar | H110: m2 | I110: 522 | J110: 32625 | K110: =ROUND(I110*J110,0) -> 17030250 | AA110: =+IFERROR(ROUND($AA$11*J110,0),"") -> 31545
D111: 09-008 | G111: Guardaescobas media caña fudida en sitio, en granito color beige según muestra micrograno dim:0,10 mts x 0,10 mts incluye emboquillada, pulida, brillada y dilatación de 1" en aluminio REF:TR 379 Tipo Alúmina o equivalente. | H111: m | I111: 186 | J111: 33467 | K111: =ROUND(I111*J111,0) -> 6224862 | AA111: =+IFERROR(ROUND($AA$11*J111,0),"") -> 32359
D112: 09-009 | G112: Enchape en cerámica color a definir tipo institucional o similar dimensión minima 33,8x33,8 para pisos | H112: m2 | I112: 209 | J112: 78825 | K112: =ROUND(I112*J112,0) -> 16474425 | AA112: =+IFERROR(ROUND($AA$11*J112,0),"") -> 76215
D113: 09-010 | G113: Enchape en cerámica color a definir tipo institucional o similar gran formato dimensiones minimas 40x80 para muros | H113: m2 | I113: 180 | J113: 78562 | K113: =ROUND(I113*J113,0) -> 14141160 | AA113: =+IFERROR(ROUND($AA$11*J113,0),"") -> 75961
C114: Subtotal | K114: =SUBTOTAL(9,K104:K113) -> 314658329 | AA114: =+IFERROR(ROUND($AA$11*J114,0),"") -> 0
D115: 10 | G115: CARPINTERÍA MADERA | AA115: =+IFERROR(ROUND($AA$11*J115,0),"") -> 0
D116: 10-001 | G116: PN-01 Suministro e instalación de Puerta en aglomerado de madera R.H. con chapilla de madera Cedro Puerto Asís e=5cm Estructura interior de madera. Pivote superior e inferior en acero de 1". Marco perimetral de madera. Todos los elementos tendrán acabado en tintilla y laca mate. Montante entamborado con lámina de tríplex. Cerrojo institucional Yale ó similar de igual calidad ó superior. Manijas en acero tipo Roma en tubo redondo con acabado cromado mate. (Ver especificaciones técnicas y detalles) (0,75 * 2,67) | H116: u | I116: 6 | J116: 1560248 | K116: =ROUND(I116*J116,0) -> 9361488 | AA116: =+IFERROR(ROUND($AA$11*J116,0),"") -> 1508596
D117: 10-002 | G117: PN-01A Suministro e instalación de Puerta en aglomerado de madera R.H. con chapilla de madera Cedro Puerto Asís e=5cm Estructura interior de madera. Pivote superior e inferior en acero de 1". Marco perimetral de madera. Todos los elementos tendrán acabado en tintilla y laca mate. Montante entamborado con lámina de tríplex. Cerrojo institucional Yale ó similar de igual calidad ó superior. Manijas en acero tipo Roma en tubo redondo con acabado cromado mate. (Ver especificaciones técnicas y detalles) (1,00 * 2,67) | H117: u | I117: 3 | J117: 1590109 | K117: =ROUND(I117*J117,0) -> 4770327 | AA117: =+IFERROR(ROUND($AA$11*J117,0),"") -> 1537468
D118: 10-003 | G118: PN-01B Suministro e instalación de Puerta en aglomerado de madera R.H. con chapilla de madera Cedro Puerto Asís e=5cm Estructura interior de madera. Pivote superior e inferior en acero de 1". Marco perimetral de madera. Todos los elementos tendrán acabado en tintilla y laca mate. Montante entamborado con lámina de tríplex. Cerrojo institucional Yale ó similar de igual calidad ó superior. Manijas en acero tipo Roma en tubo redondo con acabado cromado mate. (Ver especificaciones técnicas y detalles) (1,00 * 2.85) | H118: u | I118: 7 | J118: 1697823 | K118: =ROUND(I118*J118,0) -> 11884761 | AA118: =+IFERROR(ROUND($AA$11*J118,0),"") -> 1641617
D119: 10-004 | G119: PN-01C Suministro e instalación de Puerta en aglomerado de madera R.H. con chapilla de madera Cedro Puerto Asís e=5cm Estructura interior de madera. Pivote superior e inferior en acero de 1". Marco perimetral de madera. Todos los elementos tendrán acabado en tintilla y laca mate. Montante entamborado con lámina de tríplex. Cerrojo institucional Yale ó similar de igual calidad ó superior. Manijas en acero tipo Roma en tubo redondo con acabado cromado mate. (Ver especificaciones técnicas y detalles) (0,75 * 2.85) | H119: u | I119: 6 | J119: 1581577 | K119: =ROUND(I119*J119,0) -> 9489462 | AA119: =+IFERROR(ROUND($AA$11*J119,0),"") -> 1529219
D120: 10-005 | G120: PN-01D Suministro e instalación de Puerta en aglomerado de madera R.H. con chapilla de madera Cedro Puerto Asís e=5cm Estructura interior de madera. Pivote superior e inferior en acero de 1". Marco perimetral de madera. Todos los elementos tendrán acabado en tintilla y laca mate. Montante entamborado con lámina de tríplex. Cerrojo institucional Yale ó similar de igual calidad ó superior. Manijas en acero tipo Roma en tubo redondo con acabado cromado mate. (Ver especificaciones técnicas y detalles) (4,97 * 1,10) | H120: u | I120: 2 | J120: 3728385 | K120: =ROUND(I120*J120,0) -> 7456770 | AA120: =+IFERROR(ROUND($AA$11*J120,0),"") -> 3604957
D121: 10-006 | G121: PN-01E Suministro e instalación de Puerta en aglomerado de madera R.H. con chapilla de madera Cedro Puerto Asís e=5cm Estructura interior de madera. Pivote superior e inferior en acero de 1". Marco perimetral de madera. Todos los elementos tendrán acabado en tintilla y laca mate. Montante entamborado con lámina de tríplex. Cerrojo institucional Yale ó similar de igual calidad ó superior. Manijas en acero tipo Roma en tubo redondo con acabado cromado mate. (Ver especificaciones técnicas y detalles) (1,00 * 1,90) Cabinas | H121: u | I121: 1 | J121: 1560248 | K121: =ROUND(I121*J121,0) -> 1560248 | AA121: =+IFERROR(ROUND($AA$11*J121,0),"") -> 1508596
D122: 10-007 | G122: PN-04 PUERTA EN MADERA: Puerta entamborada con lámina de triplex. Estructura interior con bastidor interno y elementos para la instalación de la cerradura y refuerzos de madera pegados entre sí. Marco tipo MADECOR ESTANDAR Pizano, en MADECOR RH ó similar. Membrana acústica e:3mm en ambas caras, cámara de aire de 25mm, y relleno intermedio en lámina semirrígida de fibra de vidrio e:1". Todos los elementos de madera tendrán acabado con pintura al duco en 3 manos. Color de acuerdo a muestra en obra, aprobada por el diseñador. Manija institucional Yale ó similar de igual calidad ó superior. Apertutra hacia el interior | H122: u | I122: 1 | J122: 1560248 | K122: =ROUND(I122*J122,0) -> 1560248 | AA122: =+IFERROR(ROUND($AA$11*J122,0),"") -> 1508596
C123: Subtotal | K123: =SUBTOTAL(9,K116:K122) -> 46083304 | AA123: =+IFERROR(ROUND($AA$11*J123,0),"") -> 0
D124: 11 | G124: CARPINTERÍA METÁLICA | AA124: =+IFERROR(ROUND($AA$11*J124,0),"") -> 0
D125: 11-001 | G125: VENTANAS | AA125: =+IFERROR(ROUND($AA$11*J125,0),"") -> 0
D126: 11-001-01 | G126: Suministro e instalación de Ventanería tradicional corrediza serie 3825 Plus Alúmina ó Similar de igual calidad o superior con cuerpo fijo. Perfilería en aluminio crudo color natural. Vidrio templado 5mm. (Ver cuadro de ventanas) | H126: m2 | I126: 29.18 | J126: 700952 | K126: =ROUND(I126*J126,0) -> 20453779 | AA126: =+IFERROR(ROUND($AA$11*J126,0),"") -> 677747
...

Sheet AIU
A1: PRESUPUESTO TERMINACION CONSTRUCCION TEATRO CESAR CONTO FERRER EN LA CIUDAD DE QUIBDÓ DEPARTAMENTO DEL CHOCÓ
A3: ANALISIS DEL AIU
A4: COSTO DIRECTO DEL CONTRATO | G4: 13225429125
A5: IMPUESTOS Y PÓLIZAS | C5: PORCENTAJE | G5: COSTO
A6: Retefuente 2% del valor del contrato sin IVA | C6: 0.01 | G6: =ROUND($G$4*C6,0) -> 132254291
A7: Contribución especial | C7: 0.05 | G7: =ROUND($G$4*C7,0) -> 661271456
A8: Transacciones financieras (4 x 1000) | C8: 0.004 | G8: =ROUND($G$4*C8,0) -> 52901717
A9: Rete ICA 6.9/1000 | C9: 0.0069 | G9: =ROUND($G$4*C9,0) -> 91255461
A10: FIC | C10: 0.0025 | G10: =ROUND($G$4*C10,0) -> 33063573
A11: Estampilla Pro Universidades Públicas (DE IMPUTACIÓN NACIONAL). | C11: 0.02 | G11: =ROUND($G$4*C11,0) -> 264508583
A12: Administración fiducia 1 SMMLV por mes de duración | C12: 7 | F12: =1300000*1.07 -> 1391000 | G12: =ROUND(C12*F12,0) -> 9737000
A13: Pólizas | C13: 0.013 | G13: =ROUND($G$4*C13,0) -> 171930579
A14: PORCENTAJE IMPUESTOS Y OTROS SOBRE CONTRATO | C14: =G14/G4 -> 0.10713623 | G14: =SUM(G6:G13) -> 1416922660
A16: DESCRIPCIÓN | B16: UN | C16: DEDICACION % | D16: Cantidad Y/O Turnos | E16: Plazo (mes) | F16: VALOR BRUTO | G16: VALOR NETO
A17: PERSONAL
A18: DIRECTOR DE OBRA | B18: mes | C18: 1 | D18: 1 | E18: 10 | F18: 9032902 | G18: =ROUND(F18*D18*C18*E18,0) -> 90329020
A19: COORDINADOR DE OBRA | B19: mes | C19: 1 | D19: 1 | E19: =$E$18 -> 10 | F19: 6811171 | G19: =ROUND(F19*D19*C19*E19,0) -> 68111710
A20: RESIDENTE DE OBRA | B20: mes | C20: 1 | D20: 2 | E20: =$E$18 -> 10 | F20: 6811171 | G20: =ROUND(F20*D20*C20*E20,0) -> 136223420
A21: TRABAJADOR SOCIAL | B21: mes | C21: 0.5 | D21: 1 | E21: =$E$18 -> 10 | F21: 6811171 | G21: =ROUND(F21*D21*C21*E21,0) -> 34055855
A22: INGENIERO HIDROSANITARIO Y RCI | B22: mes | C22: 0.75 | D22: 1 | E22: =$E$18 -> 10 | F22: 6811171 | G22: =ROUND(F22*D22*C22*E22,0) -> 51083783
A23: INGENIERO MECANICO HVAC | B23: mes | C23: 0.75 | D23: 1 | E23: =$E$18 -> 10 | F23: 6811171 | G23: =ROUND(F23*D23*C23*E23,0) -> 51083783
A24: INGENIERO ESTRUCTURAL | B24: mes | C24: 0.5 | D24: 1 | E24: =ROUNDUP(($E$18/2),0) -> 5 | F24: 6811171 | G24: =ROUND(F24*D24*C24*E24,0) -> 17027928
A25: INGENIERO ELÉCTRICO | B25: mes | C25: 1 | D25: 1 | E25: =$E$18 -> 10 | F25: 6811171 | G25: =ROUND(F25*D25*C25*E25,0) -> 68111710
A26: INGENIERO ELÉCTRONICO | B26: mes | C26: 0.75 | D26: 1 | E26: =$E$18 -> 10 | F26: 6811171 | G26: =ROUND(F26*D26*C26*E26,0) -> 51083783
A27: ASESOR ACÚSTICO | B27: mes | C27: 0.5 | D27: 1 | E27: =ROUNDUP(($E$18/2),0) -> 5 | F27: 6811171 | G27: =ROUND(F27*D27*C27*E27,0) -> 17027928
A28: ASESOR TEATRAL (MECANICA TEATRAL) | B28: mes | C28: 0.5 | D28: 1 | E28: =ROUNDUP(($E$18/2),0) -> 5 | F28: 6811171 | G28: =ROUND(F28*D28*C28*E28,0) -> 17027928
A29: INSPECTOR DE OBRA | B29: mes | C29: 1 | D29: 2 | E29: =$E$18 -> 10 | F29: 3586350 | G29: =ROUND(F29*D29*C29*E29,0) -> 71727000
A30: PROFESIONAL DE SSTMA | B30: mes | C30: 1 | D30: 2 | E30: =$E$18 -> 10 | F30: 6811171 | G30: =ROUND(F30*D30*C30*E30,0) -> 136223420
A31: DIBUJANTE | B31: mes | C31: 1 | D31: 1 | E31: =$E$18 -> 10 | F31: 3586350 | G31: =ROUND(F31*D31*C31*E31,0) -> 35863500
A32: ALMACENISTA | B32: mes | C32: 1 | D32: 1 | E32: =$E$18 -> 10 | F32: 3586350 | G32: =ROUND(F32*D32*C32*E32,0) -> 35863500
A33: SECRETARIA | B33: mes | C33: 1 | D33: 1 | E33: =$E$18 -> 10 | F33: 3586350 | G33: =ROUND(F33*D33*C33*E33,0) -> 35863500
A34: AYUDANTE PARA SERVICIOS VARIOS Y GENERALES | B34: mes | C34: 1 | D34: 2 | E34: =$E$18 -> 10 | F34: 1871181 | G34: =ROUND(F34*D34*C34*E34,0) -> 37423620
A35: VIGILANCIA ARMADA (3 TURNOS) | B35: mes | C35: 1 | D35: 1 | E35: =$E$18 -> 10 | F35: =(13372560/1.08)*1.11 -> 13744020 | G35: =ROUND(F35*D35*C35*E35,0) -> 137440200
A36: PERSONAL | G36: =SUM(G18:G35) -> 1091571588
A38: DESCRIPCIÓN | B38: UN | C38: CANTIDAD | F38: VALOR BRUTO | G38: VALOR NETO
A39: GASTOS GENERALES
A40: PAPELERÍA, FOTOCOPIAS Y EQUIPOS | B40: mes | C40: =$E$18 -> 10 | F40: 300000 | G40: =ROUND(F40*C40,0) -> 3000000
A41: ADECUACION ESPACIO PARA ALMACÉN, MUEBLES, BAÑOS (INCLUYE RETIRO AL FINALIZAR LA OBRA) | B41: glb | C41: 1 | F41: 2000000 | G41: =ROUND(F41*C41,0) -> 2000000
A42: IMPLEMENTACIÓN PLAN AMBIENTAL Y SST - Elementos de seguridad Industrial, señalizacion y proteccion de zonas de trabajo | B42: mes | C42: =$E$18 -> 10 | F42: 1000000 | G42: =ROUND(F42*C42,0) -> 10000000
A43: ENSAYOS DE LABORATORIO (incluiye pueba de tintas, concretos, aceros, ferroscan) | B43: mes | C43: =$E$18 -> 10 | F43: 1200000 | G43: =ROUND(F43*C43,0) -> 12000000
A44: SERVICIOS PÚBLICOS | B44: mes | C44: =$E$18 -> 10 | F44: 1750000 | G44: =ROUND(F44*C44,0) -> 17500000
A45: IMPLEMENTACIÓN PLAN DE MANEJO DE TRANSITO - Elementos de seguridad Industrial, señalizacion y proteccion de zonas de trabajo | B45: mes | C45: =$E$18 -> 10 | F45: 1550000 | G45: =ROUND(F45*C45,0) -> 15500000
A46: Implementación equipos, EPP, Señalización, transportes de personal, recargos nocturnos, para el adecuado desarrollo de trabajos nocturnos | B46: mes | C46: =$E$18 -> 10 | F46: 2250000 | G46: =ROUND(F46*C46,0) -> 22500000
A47: VALLA INFORMATIVA DEL PROYECTO (2,00 X3,00MTS) BANNER CON OJALETES CON ESTRUCTURA METALICA DE SOPORTE | B47: glb | C47: 1 | F47: 1843857 | G47: =ROUND(F47*C47,0) -> 1843857
A52: GASTOS GENERALES | G52: =SUM(G40:G51) -> 84343857
A54: TOTAL ADMINISTRACIÓN | C54: PORCENTAJE | F54: =+G54/G56 -> 0.2608057 | G54: =+G52+G36+G14 -> 2592838105
A56: COSTO DIRECTO | G56: ='POE Cesar Conto'!K675 -> 9941646582
A58: ADMINISTRACIÓN | F58: =F54 -> 0.2608057 | G58: =ROUND(G56*F58,0) -> 2592838105
A59: IMPREVISTOS | F59: 0.01 | G59: =ROUND(G56*F59,0) -> 99416466
A60: UTILIDAD | F60: 0.05 | G60: =ROUND(G56*F60,0) -> 497082329
A61: IVA SOBRE UTILIDAD | F61: 0.19 | G61: =ROUND(G60*F61,0) -> 94445643
A62: COSTO INDIRECTO | G62: =SUM(G58:G61) -> 3283782543
A64: VALOR TOTAL | G64: =G62+G56 -> 13225429125 | H64: ='POE Cesar Conto'!M682 -> 0 | I64: =G64-H64 -> 13225429125

Sheet INDICAR CÓDIGO DEL ITEM DE PAGO
C3: Formulario 1 - Propuesta económica - Licitación de obra pública de infraestructura social
C4: Código | D4: CCE-EICP-FM-116 | E4: Versión | F4: 1
C6: [La Entidad podrá utilizar este Formato para la presentación de los análisis de Precios Unitarios del Contratista en la oportunidad prevista en el numeral 8.1. del Documento Base]
D9: [MINISTERIODE LAS CULTURAS LAS ARTES Y LOS SABERES]
L10: VERSIÓN
D11: [NÚMERO DEL PROCESO]
L12: PÁGINA | M12: 1 | N12: DE | O12: 1
D14: ANÁLISIS DE PRECIOS UNITARIOS
L16: FECHA | M16: DD | N16: MM | O16: AA
C18: ÍTEMS DE LA PROPUESTA ECONÓMICA | I18: ÍTEMS NO PREVISTOS
C22: DATOS ESPECÍFICOS
C24: ÍTEM | D24: DESCRIPCIÓN | M24: UNIDAD | O24: CANTIDAD
C26: I. EQUIPO
C29: DESCRIPCIÓN | H29: MARCA | J29: TIPO | L29: TARIFA/HORA | M29: RENDIMIENTO | O29: Vr. UNITARIO
C33: SUBTOTAL $
C34: II. MATERIALES
C37: DESCRIPCIÓN | K37: UNIDAD | L37: CANTIDAD | M37: PRECIO UNIT. | O37: Vr. UNITARIO
C40: SUBTOTAL $ | O40: 0
C41: III. TRANSPORTES
C44: MATERIAL | J44: VOL. o PESO | K44: DISTANCIA | L44: M3 o Ton/Km | M44: TARIFA | O44: Vr. UNITARIO
C47: SUBTOTAL $
C48: IV. MANO DE OBRA
C51: TRABAJADOR | J51: JORNAL | K51: PRESTACIONES | L51: JORNAL TOTAL | M51: RENDIMIENTO | O51: Vr. UNITARIO
C56: SUBTOTAL $
C58: TOTAL COSTO DIRECTO $
C59: V. COSTOS INDIRECTOS
C62: Descripción | L62: Porcentaje | M62: Valor Total
C63: ADMINISTRACION
C64: IMPREVISTOS
C65: UTILIDAD
C66: SUBTOTAL $
C68: Precio Unitario Total Aproximado al peso $
H70: Firma
H71: Nombre:
H72: Representante legal del Contratista o su apoderado
H73: Matricula:
C75: OBSERVACIONES INTERVENTORÍA
C79: APROBACIÓN POR INTERVENTORÍA
C80: Nota 1: Cuando se trate de análisis de Precios Unitarios correspondientes a ítems de la propuesta económica aprobada, el Interventor aprueba el desglose de los componentes manteniendo el mismo Precio Unitario de cada ítem, cumpliendo con las especificaciones de construcción vigentes para el proyecto.
C82: Nota 2: Cuando se trate de análisis de Precios Unitarios de ítems no previstos, el Interventor aprueba el desglose y Precio Unitario de cada ítem no previsto, exigiendo la aplicación de los costos correspondientes a insumos y tarifas de la propuesta económica inicial cuando estén contemplados, cumpliendo con las especificaciones de construcción vigente para el proyecto.
H85: Firma
H86: Nombre:
H87: Representante legal del Interventor o su apoderado
H88: Matricula :
